Map: Deathaura LE

Players

PasT - Winner!

  • Race: Zerg Zerg
  • League: Master
  • Spawn Location: 11:00

A.I. 2 (Elite)

  • Race: Terran Terran
  • Spawn Location: 5:00

VOD

Have the link to the VOD?

Description

Time

  • Played on: July 16, 2020, 6:43 p.m.
  • Length: 13:05
Show
View Real Time Build Order
Export as new Build Order

PasT Zerg - Winner!

Build Orders: Hatch First 

Get SALT Encoding   

  12  0:01  Drone  
  13  0:12  Overlord  
  13  0:19  Drone  
  14  0:31  Drone x2  
  16  0:48  Hatchery  
  15  0:52  Drone  
  15  0:56  Drone  
  17  0:59  Drone  
  18  1:06  Extractor  
  17  1:14  Spawning Pool  
  17  1:17  Drone  
  17  1:21  Drone  
  18  1:29  Drone  
  19  1:38  Overlord  
  19  1:50  Drone  
  20  2:00  Queen x2  
  24  2:01  Zergling x4  
  24  2:07  Metabolic Boost  
  26  2:13  Zergling x2  
  26  2:14  Drone  
  28  2:23  Drone x2  
  30  2:36  Queen x2  
  34  2:41  Overlord  
  34  2:44  Overlord  
  34  3:00  Hatchery  
  34  3:04  Drone x2  
  35  3:06  Drone  
  35  3:10  Drone  
  35  3:11  Drone  
  38  3:14  Drone  
  38  3:15  Drone  
  38  3:18  Drone  
  41  3:20  Drone  
  41  3:22  Drone  
  41  3:26  Drone  
  44  3:27  Drone  
  44  3:32  Extractor  
  44  3:34  Roach Warren  
  43  3:44  Overlord x2  
  43  3:46  Overlord  
  43  3:49  Drone  
  43  3:50  Drone  
  45  4:18  Roach x5  
  45  4:19  Roach x5  
  65  4:25  Overlord  
  65  4:30  Drone x2  
  65  4:31  Drone x2  
  69  4:36  Spore Crawler  
  69  4:38  Spore Crawler  
  67  4:47  Zergling x8  
  67  4:48  Zergling x2  
  67  4:49  Spore Crawler  
  67  4:50  Zergling x2  
  67  4:51  Zergling x2  
  73  4:54  Zergling x2  
  73  4:59  Zergling x2  
  75  5:02  Lair  
  75  5:04  Overlord  
  75  5:06  Zergling x2  
  76  5:07  Zergling x2  
  76  5:11  Ravager x2  
  79  5:14  Zergling x6  
  82  5:26  Overlord  
  81  5:29  Drone x3  
  81  5:34  Evolution Chamber  
  81  5:35  Baneling Nest, Evolution Chamber  
  81  5:44  Ravager  
  82  5:51  Drone x3  
  82  5:52  Drone x3  
  82  5:53  Extractor  
  87  6:00  Zerg Ground Armor Level 1  
  87  6:07  Zergling x2  
  87  6:08  Zergling x16  
  96  6:13  Zerg Melee Weapons Level 1  
  96  6:21  Drone  
  96  6:22  Drone x2  
  96  6:23  Overlord  
  96  6:24  Overlord  
  98  6:38  Hydralisk Den  
  70  7:01  Zergling x2  
  70  7:02  Zergling x24  
  70  7:04  Centrifical Hooks  
  70  7:08  Hydralisk, Grooved Spines  
  85  7:10  Drone x6  
  91  7:25  Baneling x7  
  91  7:38  Drone x9  
  91  7:39  Drone x3  
  91  7:42  Extractor  
  91  7:43  Extractor  
  101  7:55  Zerg Ground Armor Level 2  
  101  7:56  Hatchery  
  100  7:59  Drone x4  
  104  8:07  Drone  
  104  8:08  Drone  
  104  8:10  Overlord x4  
  104  8:11  Overlord  
  106  8:17  Infestation Pit  
  106  8:18  Zerg Melee Weapons Level 2  
  105  8:20  Extractor  
  104  8:39  Hydralisk x6  
  116  8:43  Hydralisk  
  116  8:47  Hydralisk  
  120  8:49  Hydralisk  
  122  8:56  Hydralisk  
  122  8:57  Hydralisk  
  122  9:00  Zergling x16  
  133  9:10  Hive  
  133  9:13  Muscular Augments  
  133  9:17  Extractor  
  133  9:21  Extractor  
  131  9:24  Hydralisk x3  
  131  9:25  Hydralisk  
  131  9:26  Zergling x14  
  131  9:27  Zergling x4  
  131  9:29  Overseer  
  148  9:41  Overlord x5  
  148  9:45  Drone x3  
  151  9:46  Drone x2  
  151  9:47  Drone  
  154  10:10  Drone x10  
  154  10:12  Drone, Queen  
  154  10:14  Drone x3  
  168  10:15  Drone x2  
  172  10:26  Zerg Ground Armor Level 3  
  172  10:28  Ultralisk Cavern  
  171  10:35  Pathogen Glands  
  171  10:47  Spore Crawler  
  170  10:52  Baneling  
  170  10:53  Baneling x7  
  170  11:02  Hatchery  
  169  11:05  Hydralisk  
  169  11:06  Hydralisk  
  169  11:07  Hydralisk x3  
  169  11:08  Hydralisk  
  169  11:09  Hydralisk x3  
  169  11:10  Hydralisk x2  
  169  11:11  Hydralisk  
  182  11:13  Hydralisk x2  
  182  11:14  Hydralisk  
  165  11:19  Hydralisk x3  
  165  11:21  Zergling x2  
  165  11:23  Hydralisk  
  165  11:25  Hydralisk  
  164  11:26  Hydralisk  
  168  11:43  Ultralisk  
  168  11:45  Chitinous Plating  
  174  11:48  Ultralisk  
  180  11:54  Hatchery  
  180  11:55  Ultralisk  
  183  12:02  Baneling x5  
  183  12:03  Baneling x5  
  182  12:15  Ultralisk  
  182  12:18  Zergling x2  
  182  12:19  Zergling x26  
  182  12:20  Zergling x2  
  200  12:40  Overlord x3  
  198  13:03  Extractor x2  
Show
View Real Time Build Order
Export as new Build Order

A.I. 2 (Elite) Terran 

Build Orders:  

Get SALT Encoding   

  12  0:00  SCV  
  13  0:13  SCV  
  14  0:18  Supply Depot  
  14  0:25  SCV  
  15  0:28  Refinery  
  15  0:39  SCV  
  16  0:48  Barracks  
  16  0:51  SCV  
  17  1:03  SCV  
  18  1:15  SCV  
  19  1:36  Supply Depot, Orbital Command  
  19  1:37  Marine  
  19  1:39  Factory  
  20  1:49  Barracks  
  20  1:55  Marine  
  21  2:02  SCV  
  21  2:03  Refinery  
  22  2:13  Marine  
  22  2:14  SCV  
  24  2:20  Supply Depot  
  24  2:24  Factory Tech Lab  
  24  2:26  SCV  
  25  2:31  Marine  
  25  2:35  Marine  
  26  2:38  SCV  
  27  2:45  Siege Tank  
  27  2:50  SCV, Marine  
  32  2:54  Marine  
  33  3:02  SCV  
  33  3:03  Supply Depot  
  34  3:08  Marine  
  34  3:12  Marine  
  36  3:17  Siege Tank  
  38  3:20  SCV  
  38  3:25  Marine  
  40  3:30  Marine  
  40  3:33  SCV  
  42  3:35  Supply Depot  
  42  3:44  Starport, Barracks Tech Lab  
  42  3:49  Barracks Tech Lab  
  42  3:55  SCV  
  42  4:05  Stimpack  
  42  4:07  SCV  
  43  4:19  SCV  
  43  4:21  Medivac  
  46  4:25  Supply Depot  
  46  4:33  Combat Shield  
  46  4:41  Marauder  
  46  4:43  Marauder  
  50  4:50  Medivac  
  52  5:00  Engineering Bay  
  52  5:03  Marauder, Marine  
  52  5:04  Engineering Bay  
  55  5:07  Supply Depot  
  55  5:22  Marauder  
  55  5:25  Command Center  
  57  5:30  Marauder  
  59  5:40  Hellion  
  61  5:43  Marauder  
  63  5:51  Marauder  
  63  5:57  Supply Depot  
  65  6:02  Hellion  
  67  6:04  Marauder  
  69  6:16  Concussive Shells  
  69  6:23  Hellion  
  71  6:26  Supply Depot  
  71  6:37  Terran Infantry Weapons Level 1  
  71  6:39  SCV  
  72  6:43  SCV  
  72  6:44  Hellion  
  70  6:48  Marine  
  70  6:51  SCV, Marine  
  62  6:55  SCV  
  63  7:03  SCV  
  63  7:06  Marine, Hellion  
  63  7:08  SCV  
  68  7:10  Marauder  
  68  7:15  SCV  
  71  7:20  SCV  
  72  7:24  Marauder  
  72  7:27  SCV, Hellion  
  77  7:30  Marine  
  77  7:32  SCV  
  79  7:37  Terran Infantry Armor Level 1  
  79  7:39  SCV  
  79  7:40  Armory  
  80  7:44  SCV  
  80  7:45  Marine  
  82  7:51  Command Center, SCV  
  83  8:01  Marine  
  83  8:03  Marine  
  85  8:07  SCV  
  85  8:09  SCV  
  87  8:15  Armory  
  87  8:19  Marine  
  87  8:22  Marine  
  87  8:23  Barracks  
  89  8:28  Terran Vehicle Weapons Level 1  
  89  8:36  Supply Depot  
  89  8:37  Marine  
  89  8:40  Marauder  
  92  8:45  Terran Infantry Weapons Level 2  
  92  8:51  Orbital Command  
  94  8:56  Marauder, Missile Turret  
  94  9:01  Marine  
  95  9:02  Terran Vehicle And Ship Armor Level 1  
  95  9:03  Missile Turret  
  95  9:06  SCV  
  95  9:09  SCV, Marine  
  100  9:17  Marauder  
  100  9:18  SCV  
  100  9:19  SCV, Marine  
  100  9:21  SCV  
  104  9:28  Barracks Reactor  
  104  9:30  SCV  
  105  9:32  SCV  
  105  9:33  SCV  
  105  9:36  Missile Turret  
  105  9:37  Marauder  
  105  9:38  Marine  
  110  9:41  Missile Turret  
  110  9:42  SCV  
  111  9:46  SCV, Orbital Command, Barracks  
  111  9:50  Supply Depot, Starport Reactor  
  111  9:54  SCV  
  111  9:56  Marine  
  111  9:58  SCV, Marine  
  115  10:03  Marine  
  115  10:05  Marine  
  115  10:06  SCV  
  118  10:10  SCV, Missile Turret  
  118  10:12  SCV  
  118  10:13  Supply Depot  
  122  10:14  Marauder  
  122  10:17  Marauder  
  122  10:18  SCV  
  125  10:26  Medivac, Viking  
  129  10:32  Refinery  
  129  10:33  Refinery  
  129  10:34  Terran Vehicle Weapons Level 2  
  131  10:35  Marauder  
  131  10:36  Supply Depot  
  131  10:42  Refinery  
  131  10:43  Refinery  
  131  10:47  Missile Turret  
  131  10:53  Command Center  
  131  10:56  Medivac, SCV x3  
  136  11:00  Supply Depot, Hellion  
  137  11:08  SCV  
  137  11:09  SCV  
  137  11:10  SCV  
  133  11:12  Marine  
  133  11:13  Marine  
  133  11:14  Marine  
  133  11:16  Marine  
  101  11:19  Marine  
  101  11:20  SCV  
  101  11:22  SCV x2, Hellion  
  86  11:31  Marauder, Marine  
  86  11:32  SCV, Marine  
  91  11:33  Marine  
  91  11:34  SCV  
  91  11:35  SCV  
  91  11:37  Marine  
  95  11:43  Hellion  
  95  11:44  SCV  
  98  11:49  SCV, Marine  
  98  11:50  Marine  
  98  11:51  Marine x2  
  102  11:56  Ghost Academy  
  102  11:58  Marine  
  103  12:04  Siege Tank  
  103  12:06  Marine  
  103  12:08  Marine  
  108  12:09  Marine  
  108  12:10  Marauder  
  101  12:16  Marine  
  101  12:22  Medivac  
  84  12:25  Marauder  
  84  12:26  Marine  
  84  12:27  Marine  
  84  12:28  Medivac  
  84  12:29  SCV  
  88  12:30  Ghost  
  88  12:34  Marine  
  85  12:41  SCV  
  85  12:43  Marine  
  77  12:45  Marine  
Tags
 
League
Master
Matchup
TvZ
Spawn Locations
Cross Positions
Add a new tag
Caveats
  • Supply blocks, unpowered buildings, or Contaminate may cause inaccurate times.
  • Supply counts are checked every 10 seconds.